 Dungeon Crawl Stone Soup version 0.21.1-1-g345015f (webtiles) character file.

147 kae the Shield-Bearer (level 5, 0/42 HPs)
             Began as a Formicid Fighter on May 3, 2018.
             Was an Initiate of Ru.
             Killed from afar by an orc wizard (8 damage)
             ... with a magic dart
             ... on level 3 of the Dungeon.
             The game lasted 00:02:11 (1558 turns).

kae the Shield-Bearer (Formicid Fighter)            Turns: 1558, Time: 00:02:12

Health: 0/42       AC:  7    Str: 22    XL:     5   Next: 55%
Magic:  5/5        EV:  8    Int:  7    God:    Ru [......]
Gold:   62         SH:  0    Dex: 10    Spells: 4/4 levels left

rFire    . . .     SeeInvis +   a - +0 long sword
rCold    . . .     Gourm    .   c - +0 shield
rNeg     . . .     Faith    .   b - +0 scale mail
rPois    .         Spirit   .   (helmet unavailable)
rElec    .         Reflect  .   (no cloak)
rCorr    .         Harm     .   (no gloves)
MR       .....                  (no boots)
Stlth    ..........             (no amulet)
HPRegen  0.14/turn              (no ring)
MPRegen  0.09/turn              (no ring)

@: confused
A: permanent stasis, dig shafts and tunnels, four strong arms, antennae 3
a: Dig, Shaft Self, Renounce Religion


You were on level 3 of the Dungeon.
You worshipped Ru.
Ru was noncommittal.
You were hungry.

You visited 1 branch of the dungeon, and saw 3 of its levels.

You collected 62 gold pieces.

Inventory:

Hand Weapons
 a - a +0 long sword (weapon)
Armour
 b - a +0 scale mail (worn)
 c - a +0 shield (worn)
Jewellery
 g - an uncursed ring of protection from magic {unknown}
Wands
 q - a wand of clouds (3)
Scrolls
 e - 2 scrolls of teleportation {unknown}
 j - 2 scrolls of identify {unknown}
 k - a scroll of remove curse {unknown}
 l - a scroll of fog {unknown}
 m - 2 scrolls of amnesia {unknown}
 n - a scroll of enchant weapon {unknown}
Potions
 d - 2 potions of might
 i - a potion of invisibility {unknown}
 o - a potion of curing {unknown}
 p - a potion of agility {unknown}
Comestibles
 f - 5 rations


   Skills:
 + Level 4.0 Fighting
 * Level 3.6 Long Blades
 + Level 4.1 Armour
 + Level 4.4 Shields


You had 4 spell levels left.
You didn't know any spells.

Dungeon Overview and Level Annotations

Branches:
Dungeon (3/15)

Altars:
Ru
The Shining One

Annotations:
D:3 2 transporters


Innate Abilities, Weirdness & Mutations

You cannot be hasted, slowed, berserked, paralysed or teleported.
You can dig through walls and to a lower floor.
Your four strong arms can wield two-handed weapons with a shield.
You have a pair of large antennae on your head. (SInv)


Message History

You block the orc wizard's attack.
The orc wizard points at you and mumbles some strange words.
You are confused.
You miss the orc wizard. The orc wizard barely misses you.
You bump into the rock wall.
The orc wizard gestures at you while chanting.
The puff of flame hits you!
* * * LOW HITPOINT WARNING * * *
You bump into the translucent stone wall.
The orc wizard hits you but does no damage.
You miss the orc wizard.
The orc wizard hits you but does no damage.
You miss the orc wizard. The orc wizard hits you with a dagger.
* * * LOW HITPOINT WARNING * * *
It was a potion of ambrosia.
You are more confused.
You feel invigorated.
The orc wizard points at you and mumbles some strange words.
The magic dart hits you!
You die...

...{.......# ..{.......
.{...#.# #...#.#
#...#.## #...#..#
#....).##
..##.########...##..####
!.....)@ooo..?..#.......
###############.#..##.##
#8P#≈≈≈;;≈≈#P8#....##.##
#..#.......#..#....##.##
#©$+...♣...+/©#©....#.##
#..#.......#..#..##....#
#8P#≈≈≈{≈≈≈#P8#.####....
##############.######..
.............


You could see 2 electric eels, an orc wizard (invisible) and 2 orcs.

Vanquished Creatures
  An orc wizard (D:3)
  Jessica (D:3)
  3 adders
  2 oozes (D:1)
  A dart slug (D:3)
  3 leopard geckos (D:1)
  3 orcs (D:3)
  5 bats
  4 giant cockroaches
  5 goblins
  5 hobgoblins
  7 kobolds
  A quokka (D:3)
  A ball python (D:2)
  3 frilled lizards
  5 rats
50 creatures vanquished.

Notes
Turn   | Place    | Note
-------+----------+-------------------------------------------
     0 | D:1      | kae the Formicid Fighter began the quest for the Orb.
     0 | D:1      | Reached XP level 1. HP: 18/18 MP: 1/1
   150 | D:1      | Reached XP level 2. HP: 23/24 MP: 2/2
   252 | D:1      | Reached XP level 3. HP: 27/29 MP: 3/3
   927 | D:2      | Found a glowing golden altar of the Shining One.
  1099 | D:2      | Reached XP level 4. HP: 33/37 MP: 4/4
  1204 | D:2      | Found a sacrificial altar of Ru.
  1329 | D:2      | Became a worshipper of Ru the Awakened
  1467 | D:3      | Found a transporter.
  1479 | D:3      | Noticed Jessica
  1489 | D:3      | Killed Jessica
  1489 | D:3      | Reached XP level 5. HP: 42/42 MP: 5/5
  1530 | D:3      | Found a transporter.
  1558 | D:3      | Killed from afar by an orc wizard

Skill      XL: |  1  2  3  4  5 |
---------------+----------------+-----
Shields        | 4 |  4.4
Long Blades    | 3 |  3.6
Armour         | 4 |  4.1
Fighting       | 4 |  4.0

Action                   |  1- 3 |  4- 6 || total
-------------------------+-------+-------++-------
Melee: Long sword        |    92 |    94 ||   186
  Use: Potion            |       |     1 ||     1
  Eat: Chunk             |     1 |     1 ||     2
Armor: Scale mail        |    44 |    49 ||    93
Dodge: Dodged            |    39 |    39 ||    78
Block: Shield            |    44 |    59 ||   103
       Rpst.: Long sword |    10 |     9 ||    19
